 Dungeon Crawl Stone Soup version 0.24.0-125-gc4c63601f3 (webtiles) character file.

Game seed: 15160744495980127048, levelgen mode: deterministic

1806 Bodigarde the Cleaver (level 8, -6/74 HPs)
             Began as a Deep Dwarf Fighter on Mar 3, 2020.
             Was an Initiate of Makhleb.
             Splashed by Pikel's acid (12 damage)
             ... on level 7 of the Dungeon.
             The game lasted 00:28:26 (6261 turns).

Bodigarde the Cleaver (Deep Dwarf Fighter)          Turns: 6261, Time: 00:28:27

Health: -6/74      AC: 17    Str: 22    XL:     8   Next: 84%
Magic:  5/5        EV:  5    Int:  9    God:    Makhleb [......]
Gold:   289        SH: 10    Dex: 12    Spells: 7/7 levels left

rFire    . . .     SeeInvis .   a - +0 war axe
rCold    . . .     Gourm    .   c - +0 shield
rNeg     + . .     Faith    .   D - +0 plate armour
rPois    .         Spirit   .   B - +2 helmet
rElec    .         Reflect  .   H - +0 cloak
rCorr    .         Harm     .   (no gloves)
MR       +....                  (no boots)
Stlth    ..........             (no amulet)
HPRegen  0.00/turn              (no ring)
MPRegen  0.09/turn              k - ring of positive energy

@: very slightly contaminated, non-regenerating, invisible
A: damage resistance, heal wounds, sense surroundings 1, no regeneration
a: Heal Wounds, Renounce Religion


You were on level 7 of the Dungeon.
You worshipped Makhleb.
Makhleb was noncommittal.
You were not hungry.

You visited 2 branches of the dungeon, and saw 8 of its levels.
You also visited: Sewer.

You collected 445 gold pieces.
You spent 156 gold pieces at shops.

Inventory:

Hand Weapons
 a - a +0 war axe (weapon)
 b - a +0 hunting sling
Missiles
 e - 47 sling bullets
 i - 170 stones
 t - 4 poisoned darts (quivered)
 y - a javelin
Armour
 c - a +0 shield (worn)
 B - a +2 helmet (worn)
 D - a +0 plate armour (worn)
 H - a +0 cloak (worn)
Jewellery
 k - a ring of positive energy (right hand)
Scrolls
 g - a scroll of magic mapping
 j - 3 scrolls of remove curse
 m - a scroll of enchant weapon {unknown}
 n - 6 scrolls of teleportation
 p - a scroll of enchant armour {unknown}
 s - a scroll of blinking {unknown}
 u - a scroll of fear
 v - 2 scrolls of immolation
 x - a scroll of amnesia
 C - a scroll of fog
 F - a scroll of noise {unknown}
Potions
 d - 3 potions of curing
 h - a potion of mutation
 l - a potion of invisibility
 o - a potion of brilliance
 q - a potion of cancellation
 r - 3 potions of heal wounds
 z - a potion of resistance {unknown}
 A - a potion of haste {unknown}
 E - a potion of lignification
 G - a potion of might
 I - a potion of flight {unknown}
Comestibles
 f - 11 rations
 J - a chunk of flesh


   Skills:
 + Level 5.3 Fighting
 * Level 8.3 Axes
 + Level 6.5 Armour
 + Level 6.4 Shields


You had 7 spell levels left.
You didn't know any spells.
Your spell library was empty.

Dungeon Overview and Level Annotations

Branches:
Dungeon (7/15)             Temple (1/1) D:6           Sewer (visited)

Altars:
Ashenzari
Cheibriados
Dithmenos
Elyvilon
Fedhas
Gozag
Hepliaklqana
Kikubaaqudgha
Makhleb
Nemelex Xobeh
Okawaru
Qazlal
Ru
Sif Muna
Trog
Uskayaw
Vehumet
Wu Jian
Xom
Yredelemnul
Zin
The Shining One

Shops:
D:5 !

Annotations:
D:3 2 transporters
D:4 Dowan, Duvessa
D:7 Pikel


Innate Abilities, Weirdness & Mutations

You are resistant to damage.
You can heal yourself by infusing magical energy.
You passively map a small area around you.
You do not regenerate.


Message History

You feel much better. You block Pikel's attack.
You slash Pikel!
Pikel is moderately wounded.
Pikel says, "Slavery isn't that bad."
Pikel zaps a wand.
The bolt of acid hits you.
You are splashed with acid!
Your shield and plate armour prevent you from hitting Pikel.
Pikel is moderately wounded.
Pikel barely misses you. You block Pikel's attack.
Your plate armour prevents you from hitting Pikel.
Pikel is moderately wounded.
Pikel barely misses you.
Your shield and plate armour prevent you from hitting Pikel.
Pikel is moderately wounded.
Pikel zaps a wand.
The bolt of acid hits you.
You are splashed with acid!
You slash Pikel!
Pikel is severely wounded.
Pikel zaps a wand.
The bolt of acid hits you!!
* * * LOW HITPOINT WARNING * * *
You are splashed with acid!
You die... , * .....>. * * ....., * ..... * .pZ * pWp

* #p#
#K# *
#@#*
** *
#.# ,
, #<#
, *
#.#*
#.#*
* ,,
*.)%
* ,
... ,
#...#
...##


You could see Pikel, a hungry ghost, 4 slaves and a hound skeleton.

Vanquished Creatures
  An orc warrior (D:6)
  A sky beast (D:5)
  An ice beast (D:5)
  A necrophage (D:2)
  An ogre (D:6)
  6 big kobolds (Sewer)
  2 bullfrogs (D:6)
  2 scorpions
  3 wights (D:6)
  2 hounds
  2 orc wizards (D:5)
  An orc priest (D:3)
  8 worker ants
  Robin (D:3)
  9 adders
  3 river rats
  3 oozes (Sewer)
  2 adder skeletons
  5 worms
  3 dart slugs
  2 leopard geckos
  20 orcs
  4 giant cockroaches
  8 goblins
  4 hobgoblins
  4 jackals (D:3)
  4 quokkas
  5 ball pythons
  2 bats
  3 frilled lizards
  A giant cockroach zombie (D:6)
  12 kobolds
  A leopard gecko skeleton (D:4)
  2 quokka skeletons
  9 rats
138 creatures vanquished.

Vanquished Creatures (others)
  10 fungi (D:4)
10 creatures vanquished.

Grand Total: 148 creatures vanquished

Notes
Turn   | Place    | Note
-------+----------+-------------------------------------------
     0 | D:1      | Bodigarde the Deep Dwarf Fighter began the quest for the
                  | Orb.
     0 | D:1      | Reached XP level 1. HP: 20/20 MP: 1/1
   134 | D:1      | Reached XP level 2. HP: 27/27 MP: 2/2
   569 | D:2      | Noticed a necrophage
   576 | D:2      | Killed a necrophage
   576 | D:2      | Reached skill level 3 in Axes
   576 | D:2      | Reached XP level 3. HP: 23/34 MP: 3/3
   576 | D:2      | Reached XP level 4. HP: 29/42 MP: 4/4
  1651 | D:3      | Found a glowing drain.
  1664 | D:3      | Reached skill level 4 in Axes
  1665 | D:3      | Reached XP level 5. HP: 48/49 MP: 4/4
  1735 | Sewer    | Entered a sewer
  2106 | Sewer    | Reached XP level 6. HP: 41/57 MP: 4/4
  2189 | Sewer    | Reached skill level 5 in Axes
  2288 | Sewer    | Reached XP level 7. HP: 41/64 MP: 5/5
  2420 | Sewer    | Reached skill level 5 in Armour
  2420 | Sewer    | Reached skill level 5 in Shields
  2593 | D:3      | Found a transporter.
  2628 | D:3      | Noticed Robin
  2687 | D:3      | Killed Robin
  2687 | D:3      | Reached skill level 6 in Axes
  2971 | D:3      | Found a glowing golden altar of the Shining One.
  3262 | D:3      | Found a transporter.
  4567 | D:5      | Entered Level 5 of the Dungeon
  4567 | D:5      | Found Siynazxepp's Distillery.
  4576 | D:5      | Reached XP level 8. HP: 40/73 MP: 5/5
  4616 | D:5      | Bought a potion of heal wounds for 65 gold pieces
  4616 | D:5      | Bought a potion of lignification for 39 gold pieces
  4616 | D:5      | Bought a potion of agility for 52 gold pieces
  4746 | D:5      | Reached skill level 7 in Axes
  4825 | D:5      | Noticed Duvessa
  4835 | D:5      | Noticed Dowan
  5695 | D:6      | Found a staircase to the Ecumenical Temple.
  5704 | Temple   | Entered the Ecumenical Temple
  5761 | Temple   | Became a worshipper of Makhleb the Destroyer
  5797 | D:6      | Reached skill level 5 in Fighting
  5996 | D:6      | Reached skill level 8 in Axes
  6189 | D:6      | Found a shimmering blue altar of Sif Muna.
  6248 | D:7      | Noticed Pikel
  6261 | D:7      | Splashed by Pikel's acid

Levels and vault maps discovered:
D:1:      ebering_trefoil_twist, layout_rooms, kennysheep_crisscross,
          minmay_misc_feat_room, interstate_on_off
D:2:      layout_basic, kennysheep_cluttered_room, st_stairs_10
D:3:      gammafunk_wand_slinger, layout_loops_ring,
          nicolae_overflow_crystal_walls, portal_sewer_entry_a,
          serial_bayou_pond_d, uniq_robin
D:4:      layout_basic, serial_aquarium, aquarium_bridge_square
          [aquarium_subvault_bridge, aquarium_subvault_wall,
          aquarium_subvault_balcony, aquarium_subvault_balcony],
          aquarium_bridge_square [aquarium_subvault_wall,
          aquarium_subvault_bridge, aquarium_subvault_bridge,
          aquarium_subvault_balcony], aquarium_window_fake, aquarium_window_1,
          aquarium_view_2a, aquarium_balcony_3b, aquarium_pool_S, first_ration
D:5:      cheibrodos_iron_armory, layout_gridville, serial_shops, shop_coins,
          serial_glass, glass_columns_c, glass_columns_b, glass_columns_a,
          uniq_duvessa
D:6:      layout_rooms, minmay_temple_entry_drinking_statues, led_sif_pool
D:7:      layout_loops_ring, minmay_misc_feat_encased, uniq_pikel
Temple:   dpeg_three_leaves_temple

Skill      XL: |  1  2  3  4  5  6  7  8 |
---------------+-------------------------+-----
Fighting       | 3 4 5 |  5.3
Axes           | 3 4 5 6 8 |  8.3
Armour         | 4 5 6 |  6.5
Shields        | 4 5 6 |  6.4

Action                   |  1- 3 |  4- 6 |  7- 9 || total
-------------------------+-------+-------+-------++-------
Melee: War axe           |    45 |   146 |   282 ||   473
 Fire: Hunting sling     |       |       |   104 ||   104
Throw: Stone             |    16 |    62 |    10 ||    88
       Javelin           |       |     5 |       ||     5
       Dart              |       |    16 |    21 ||    37
 Abil: Heal Wounds       |       |     2 |     2 ||     4
  Use: Potion            |     1 |       |     6 ||     7
       Scroll            |       |     1 |    13 ||    14
  Eat: Chunk             |       |     5 |    10 ||    15
       Ration            |       |       |     1 ||     1
Armor: Scale mail        |    17 |    44 |    33 ||    94
       Plate armour      |       |       |   109 ||   109
Dodge: Dodged            |    13 |    37 |    42 ||    92
Block: Shield            |    16 |    71 |   126 ||   213
